AoeStats
← [KMNB] Bandeira

African Clearing

505477641Analyzed
3v3 RM · 24d ago on Sep 9, 2026· 41m 7s· 6 players
Game mode
Random Map
Map size
Normal (6 player)
Population
200
Speed
Normal
Resources
Standard
Victory
Conquest
Starting age
Dark Age
Ending age
Imperial Age
RankedLock teamsTeams togetherTeam positionsShared explorationLock speedFull tech treeHidden civsTurbo modeCheats
Victory
Defeat
🇩🇪 Armenians · Germany
1589
+16
🇩🇪 Berbers · Germany
1551
+17
🇩🇪 Koreans · Germany
1478
+20
🇧🇷 Huns · Brazil
1647
-21
🇧🇷 Persians · Brazil
1638
-20
🇧🇷 Britons · Brazil
1446
-12
🦌 Magge
3:19 Loom
12:52 Feudal Age
16:42 Castle Age
19:48 Fletching
29:51 Double-Bit Axe
31:13 Bodkin Arrow
33:09 Padded Archer Armor
34:54 Bloodlines
35:45 Ballistics
36:09 Husbandry
38:12 Wheelbarrow
38:19 Leather Archer Armor
39:21 Town Watch
41:55 Hand Cart
🦌 KirschkernKIssen
10:38 Loom
14:01 Feudal Age
18:23 Castle Age
17:53 Double-Bit Axe
18:01 Gold Mining
21:39 Bow Saw
31:32 Herbal Medicine
32:47 Horse Collar
38:39 Heavy Plow
40:00 Husbandry
🦌 Jolly Jumper
11:24 Loom
13:37 Feudal Age
13:53 Pikeman
17:28 Castle Age
15:36 Fishing Lines
16:44 Double-Bit Axe
18:39 Bow Saw
20:34 Gillnets
22:13 Gold Mining
24:57 Fletching
25:23 Stone Mining
25:35 Town Watch
26:07 Bodkin Arrow
28:44 Gold Shaft Mining
27:57 Horse Collar
30:34 Wheelbarrow
34:35 Imperial Age
32:31 Ballistics
33:44 Padded Archer Armor
35:10 Leather Archer Armor
35:27 Bracer
34:48 Elite Composite Bowman
39:40 Ring Archer Armor
41:43 Chemistry
41:30 Hand Cart
[KMNB] Preguiça
3:22 Loom
13:01 Feudal Age
14:18 Double-Bit Axe
16:59 Wheelbarrow
17:49 Fletching
17:59 Padded Archer Armor
23:18 Castle Age
23:26 Elite Skirmisher
24:31 Bodkin Arrow
25:00 Horse Collar
26:01 Leather Archer Armor
28:30 Heavy Plow
28:55 Crossbowman
32:33 Ballistics
34:50 Gold Mining
Fs.Khronos
4:26 Loom
11:44 Feudal Age
12:12 Double-Bit Axe
19:12 Castle Age
18:33 Fletching
18:39 Gold Mining
19:42 Padded Archer Armor
19:48 Bodkin Arrow
20:09 Bow Saw
20:34 Padded Archer Armor
20:51 Bow Saw
22:19 Padded Archer Armor
27:29 Horse Collar
28:59 Leather Archer Armor
29:50 Ballistics
29:33 Husbandry
33:31 Bloodlines
33:26 Thumb Ring
35:07 Wheelbarrow
34:19 Town Watch
38:53 Imperial Age
37:40 Scale Barding Armor
37:46 Forging
38:25 Hand Cart
38:13 Heavy Plow
39:09 Chain Barding Armor
40:14 Iron Casting
40:41 Plate Barding Armor
39:58 Cavalier
[KMNB] Bandeira
4:25 Loom
12:00 Feudal Age
12:28 Double-Bit Axe
14:51 Forging
16:02 Fletching
26:22 Castle Age
Connection lost

Rejoining the realm…

Still unreachable

The connection could not be restored.

Session expired

The server has moved on; the page needs a fresh start.